 Dungeon Crawl Stone Soup version 0.26-a0-810-ge1a9524b62 (webtiles) character file.

Game seed: 6050641906105337232

8432 mhtbhm the Basher (level 11, -12/68 HPs)
             Began as a Gargoyle Fighter on Nov 12, 2020.
             Was a High Priest of Okawaru.
             Mangled by Snorg (14 damage)
             ... on level 10 of the Dungeon.
             The game lasted 00:13:31 (12057 turns).

mhtbhm the Basher (Gargoyle Fighter)               Turns: 12057, Time: 00:13:33

Health: -12/68     AC: 31    Str: 23    XL:     11   Next: 30%
Magic:  10/11      EV:  8    Int:  9    God:    Okawaru [*****.]
Gold:   666        SH: 13    Dex: 15    Spells: 10/10 levels left

rFire    . . .     SeeInvis .   a - +2 morningstar (protect)
rCold    . . .     Faith    .   c - +1 kite shield
rNeg     + . .     Spirit   .   b - +0 chain mail
rPois    ∞         Reflect  .   (no helmet)
rElec    +         Harm     .   p - +0 cloak
rCorr    .         Rampage  .   A - +0 pair of gloves
MR       .....                  H - +2 pair of boots
Stlth    ..........             n - amulet of the acrobat
HPRegen  0.21/turn              h - ring of wizardry
MPRegen  0.12/turn              g - +6 ring of dexterity

@: protection aura
A: negative energy resistance 1, electricity resistance, unbreathing,
petrification resistance, rot immunity, AC +8
a: Heroism, Finesse, Renounce Religion


You were on level 10 of the Dungeon.
You worshipped Okawaru.
Okawaru was extremely pleased with you.
You visited 2 branches of the dungeon, and saw 12 of its levels.

You collected 666 gold pieces.

Inventory:

Hand Weapons
 a - a +2 morningstar of protection (weapon)
Armour
 b - a +0 chain mail (worn)
 c - a +1 kite shield (worn)
 p - a +0 cloak (worn)
 A - a +0 pair of gloves (worn)
 H - a +2 pair of boots (worn)
Jewellery
 g - a +6 ring of dexterity (right hand)
 h - a ring of wizardry (left hand)
 n - an amulet of the acrobat (around neck)
Wands
 e - a wand of acid (8)
 i - a wand of flame (19)
 x - a wand of polymorph (6)
 y - a wand of paralysis (8)
 E - a wand of iceblast (9)
 F - a wand of random effects (17)
Scrolls
 k - 2 scrolls of fog
 l - 3 scrolls of magic mapping
 q - 4 scrolls of teleportation
 r - 2 scrolls of remove curse
 t - 2 scrolls of blinking {unknown}
 u - a scroll of fear
 w - 3 scrolls of immolation {unknown}
 C - a scroll of enchant weapon {unknown}
 D - 2 scrolls of identify
 G - 2 scrolls of amnesia
Potions
 d - a potion of might
 f - a potion of haste
 j - 2 potions of cancellation {unknown}
 m - a potion of ambrosia {unknown}
 o - a potion of resistance
 s - 3 potions of degeneration {unknown}
 v - 3 potions of flight {unknown}
 z - 2 potions of brilliance {unknown}
 B - a potion of mutation {unknown}


   Skills:
 + Level 7.8 Fighting
 + Level 11.2 Maces & Flails
 + Level 7.3 Armour
 + Level 2.1 Dodging
 - Level 0.5 Stealth
 + Level 10.6 Shields
 + Level 1.0 Evocations


You had 10 spell levels left.
You didn't know any spells.
Your spell library contained the following spells:

 Spells                   Type           Power        Failure   Level
 Foxfire                  Conj/Fire      #...         86%         1
 Magic Dart               Conj           #...         86%         1
 Shock                    Conj/Air       #...         86%         1
 Blink                    Tloc           N/A          93%         2
 Call Imp                 Summ           #.......     93%         2
 Slow                     Hex            #.......     93%         2
 Swiftness                Air            #.......     93%         2
 Confusing Touch          Hex            #.......     99%         3
 Conjure Flame            Conj/Fire      #.......     99%         3
 Gell's Gravitas          Tloc           #.........   99%         3
 Inner Flame              Hex/Fire       #.......     99%         3
 Mephitic Cloud           Conj/Pois/Air  #.......     99%         3
 Static Discharge         Conj/Air       #.......     99%         3
 Airstrike                Air            #.........   100%        4
 Petrify                  Tmut/Erth      #.......     100%        4
 Sticky Flame             Conj/Fire      #.......     100%        4
 Fireball                 Conj/Fire      #.........   100%        5
 Lightning Bolt           Conj/Air       #.........   100%        5
 Metabolic Englaciation   Hex/Ice        #.........   100%        5
 Yara's Violent Unravell  Hex/Tmut       #.........   100%        5


Dungeon Overview and Level Annotations

Branches:
Dungeon (11/15)            Temple (1/1) D:4            Lair (0/6) D:10
    Orc: D:9-12

Altars:
Ashenzari
Cheibriados
Dithmenos
Elyvilon
Fedhas
Gozag
Hepliaklqana
Kikubaaqudgha
Makhleb
Nemelex Xobeh
Okawaru
Qazlal
Ru
Sif Muna
Trog
Uskayaw
Vehumet
Wu Jian
Xom
Yredelemnul
Zin
The Shining One

Annotations:
D:10 Snorg


Innate Abilities, Weirdness & Mutations

You are resistant to torment.
Your stone body is resilient. (AC +8)
You are immune to poison.
You resist negative energy. (rN+)
You are resistant to electric shocks. (rElec)
You can survive without breathing.
You are immune to petrification.
You are immune to rotting.


Message History

Unknown command.
You closely miss Snorg.
Snorg is moderately wounded.
Snorg bites you. Snorg claws you. You block Snorg's attack.
You closely miss Snorg.
Snorg is moderately wounded.
You block Snorg's attack. x2; Snorg claws you!
Snorg bites you! Snorg claws you!
* * * LOW HITPOINT WARNING * * *
You block Snorg's attack.
You hit Snorg.
Your weapon exudes an aura of protection.
Snorg is moderately wounded.
You block Snorg's attack. Snorg barely misses you. x2
Your shield prevents you from hitting Snorg.
Snorg is moderately wounded.
You block Snorg's attack. Snorg claws you but does no damage.
You block Snorg's attack. Snorg bites you!
* * * LOW HITPOINT WARNING * * *
Snorg claws you!
You die...

##################
#T................
#@####.....#......
#J####........#...
#.............#...
#.............#...
#.................
#............##'#.
#............#..##
#..<.........+....
#.......#....##'##


You could see Snorg (berserk) and a jelly (paralysed).

Vanquished Creatures
  Josephine (D:10)
  Erolcha (D:10)
  The ghost of finalsalamander the Covert, a novice NaWn of Gozag (D:9)
  An ugly thing (D:7)
  An elephant (D:10)
  A troll (D:7)
  Grinder (D:4)
  5 wraiths (D:10)
  A basilisk (D:10)
  A yak (D:10)
  2 sky beasts
  2 orc warriors
  2 black bears (D:10)
  An ice beast (D:6)
  2 ogres (D:9)
  8 centaurs
  4 bullfrogs
  A wyvern skeleton (D:9)
  3 scorpions (D:10)
  13 killer bees
  9 wights
  5 howler monkeys
  2 centaur zombies
  A jelly (D:5)
  8 orc priests
  A bullfrog skeleton (D:9)
  Crazy Yiuf (D:2)
  3 hounds
  5 orc wizards
  A centaur skeleton (D:4)
  8 worker ants
  2 iguanas
  A hound skeleton (D:7)
  A hound zombie (D:7)
  A howler monkey zombie (D:6)
  A worker ant zombie (D:9)
  6 adders
  3 shadow imps
  2 white imps (D:9)
  3 ufetubi
  An ooze (D:2)
  4 worms
  A dart slug (D:1)
  5 leopard geckos
  34 orcs
  A bat zombie (D:3)
  4 giant cockroaches
  12 goblins
  5 hobgoblins
  8 jackals
  4 kobolds
  10 quokkas
  5 bats
  6 frilled lizards
  2 quokka skeletons
  7 rats
  A rat zombie (D:3)
226 creatures vanquished.

Notes
Turn   | Place    | Note
-------+----------+-------------------------------------------
     0 | D:1      | mhtbhm the Gargoyle Fighter began the quest for the Orb.
     0 | D:1      | Reached XP level 1. HP: 14/14 MP: 1/1
   168 | D:1      | Reached XP level 2. HP: 19/19 MP: 2/2
   629 | D:1      | Reached XP level 3. HP: 23/23 MP: 3/3
  1192 | D:2      | Reached XP level 4. HP: 29/29 MP: 4/4
  1611 | D:2      | Found a runed translucent door.
  1612 | D:2      | Noticed Crazy Yiuf
  1931 | D:2      | Killed Crazy Yiuf
  1931 | D:2      | Reached skill level 3 in Maces & Flails
  2356 | D:3      | Reached XP level 5. HP: 32/33 MP: 5/5
  2700 | D:3      | Found an ancient bone altar of Kikubaaqudgha.
  2926 | D:3      | You fall into a shaft and drop 1 floor!
  3012 | D:4      | Noticed Grinder
  3029 | D:4      | Killed Grinder
  3029 | D:4      | Reached skill level 4 in Maces & Flails
  3029 | D:4      | Reached skill level 5 in Shields
  3029 | D:4      | Reached XP level 6. HP: 17/38 MP: 6/6
  3308 | D:4      | Found an opulent altar of Gozag.
  3376 | D:4      | Found a staircase to the Ecumenical Temple.
  3391 | Temple   | Entered the Ecumenical Temple
  3409 | Temple   | Became a worshipper of Warmaster Okawaru
  3587 | D:4      | Reached XP level 7. HP: 43/43 MP: 7/7
  3691 | D:4      | Reached skill level 5 in Maces & Flails
  4478 | D:5      | Entered Level 5 of the Dungeon
  5924 | D:6      | Reached XP level 8. HP: 45/48 MP: 8/8
  5962 | D:6      | Reached * piety under Okawaru
  5962 | D:6      | Reached skill level 6 in Maces & Flails
  5996 | D:6      | Reached skill level 1 in Dodging
  6048 | D:5      | Reached skill level 5 in Armour
  6456 | D:6      | Found a burning altar of Makhleb.
  6733 | D:6      | Found a stormy altar of Qazlal.
  7039 | D:7      | Noticed a troll
  7309 | D:6      | Reached skill level 5 in Fighting
  7452 | D:6      | Reached skill level 7 in Maces & Flails
  7597 | D:7      | Reached XP level 9. HP: 52/54 MP: 9/9
  7715 | D:7      | Reached ** piety under Okawaru
  7975 | D:7      | Killed a troll
  8539 | D:7      | Noticed a cyan ugly thing
  8562 | D:7      | Killed a cyan ugly thing
  8562 | D:7      | Reached *** piety under Okawaru
  8562 | D:7      | Reached skill level 8 in Maces & Flails
  9295 | D:8      | Paralysed by a wight for 3 turns
  9598 | D:9      | Reached XP level 10. HP: 61/61 MP: 10/10
  9602 | D:9      | Found a shimmering altar of Xom.
  9656 | D:9      | Reached skill level 9 in Maces & Flails
  9794 | D:9      | Found a runed translucent door.
  9797 | D:9      | Noticed finalsalamander's ghost (novice NaWn)
  9839 | D:9      | Found a shimmering altar of Xom.
  9839 | D:9      | Found a shimmering altar of Xom.
  9847 | D:9      | Found a shimmering altar of Xom.
  9930 | D:9      | Reached **** piety under Okawaru
 10142 | D:9      | Found a sparkling altar of Nemelex Xobeh.
 10214 | D:9      | Found a sacrificial altar of Ru.
 10214 | D:9      | Found a sparkling altar of Nemelex Xobeh.
 10333 | D:9      | Killed finalsalamander's ghost
 10333 | D:9      | Received a gift from Okawaru
 10436 | D:10     | Entered Level 10 of the Dungeon
 10660 | D:10     | Noticed an elephant
 10661 | D:10     | Found a staircase to the Lair.
 10677 | D:10     | Killed an elephant
 10677 | D:10     | Reached skill level 10 in Maces & Flails
 10677 | D:10     | Reached skill level 10 in Shields
 10690 | D:10     | Reached ***** piety under Okawaru
 10885 | D:10     | Noticed Josephine
 10896 | D:10     | Killed Josephine
 10896 | D:10     | Reached XP level 11. HP: 20/67 MP: 11/11
 11275 | D:10     | Reached skill level 11 in Maces & Flails
 11345 | D:10     | Noticed Erolcha
 11360 | D:10     | Killed Erolcha
 11360 | D:10     | Received a gift from Okawaru
 11360 | D:10     | Reached skill level 1 in Evocations
 12039 | D:11     | Noticed Snorg
 12057 | D:10     | HP: 2/68 [Snorg (11)]
 12057 | D:10     | Mangled by Snorg

Illustrated notes

Levels and vault maps discovered:
D:1:      nzn_arrival_depleted_hourglass, layout_basic
D:2:      layout_basic, uniq_crazy_yiuf_cottage
D:3:      layout_basic, lemuel_zombie_altar_kikubaaqudgha
D:4:      layout_layer_cave, minmay_temple_entry_mist,
          nicolae_gozag_seed_capital, uniq_grinder
D:5:      layout_basic, kennysheep_generic_room_15
D:6:      layout_loops_ring, lemuel_round_altar, marbit_many_paths
D:7:      layout_basic
D:8:      layout_rooms
D:9:      layout_basic, xom_redecorated, gammafunk_temple_overflow_wave,
          ebering_ghost_reflecting_pool, nemelex_xobeh_ov_fountains_minmay
D:10:     layout_stronghold, david_lair_generic, uniq_josephine, uniq_erolcha
D:11:     layout_roguey, orc_0_dummy, uniq_snorg
Temple:   lightli_temple_of_artemis

Skill      XL: |  1  2  3  4  5  6  7  8  9 10 11 |
---------------+----------------------------------+-----
Shields        | 4 5 6 7 9 10 | 10.6
Maces & Flails | 3 4 5 7 8 10 11 | 11.2
Fighting       | 4 5 6 7 |  7.8
Armour         | 4 5 6 7 |  7.3
Dodging        | 1 2 |  2.1
Evocations     | 1 |  1.0
Stealth        | |  0.5

Action                   |  1- 3 |  4- 6 |  7- 9 | 10-12 || total
-------------------------+-------+-------+-------+-------++-------
Melee: Flail             |   119 |    54 |       |       ||   173
       Mace              |       |   170 |   344 |       ||   514
       Morningstar       |       |       |   158 |   293 ||   451
Invok: Heroism           |       |       |       |     1 ||     1
Evoke: Wand              |       |       |     2 |     7 ||     9
  Use: Scroll            |       |     9 |     4 |       ||    13
       Potion            |       |     3 |       |     1 ||     4
 Stab: Paralysed         |       |       |       |     3 ||     3
Armor: Chain mail        |    65 |   116 |   329 |   128 ||   638
Dodge: Dodged            |    24 |    71 |   182 |    84 ||   361
Block: Kite shield       |    74 |   139 |   469 |   193 ||   875

Table legend: (Time is in decaauts)
 A = Elapsed time spent in this place.
 B = Non-inter-level travel time spent in this place.
 C = Inter-level travel time spent in this place.
 D = Time resting spent in this place.
 E = Time spent auto-exploring this place.
 F = Levels seen in this place.
 G = Mean time per level.
                   A        B        C        D        E       F      G
               +--------+--------+--------+--------+--------+-----+--------+
         Total |  12293 |  11990 |    303 |   2569 |   6787 |  12 | 1024.4 |
       Dungeon |  12257 |  11954 |    303 |   2569 |   6787 |  11 | 1114.3 |
        Temple |     35 |     35 |      0 |      0 |      0 |   1 |   35.0 |
               +--------+--------+--------+--------+--------+-----+--------+

Top non-repeatable levels by time:
     D:5: 1787 daAuts
    D:10: 1624 daAuts
     D:7: 1580 daAuts
     D:4: 1542 daAuts
     D:2: 1442 daAuts
     D:6: 1325 daAuts
     D:9: 857 daAuts
     D:3: 815 daAuts
     D:1: 761 daAuts
     D:8: 511 daAuts
  Temple: 35 daAuts
    D:11: 9 daAuts
